AAA WEST
TACOMA RAINIERS @ EL PASO CHIHUAHUAS
09/10/2041
 
TOP OF THE 1ST
Tacoma Rainiers batting - Pitching for El Paso Chihuahuas : RHP Steve Brown
Pitching: RHP Steve Brown
Batting: RHB Albert Rodríguez 0-0: Ball
1-0: Foul Ball, location: 23F
1-1: Ball
2-1: Called Strike
2-2: Foul Ball, location: 5SF
2-2: Foul Ball, location: 9LMF
2-2: Foul Ball, location: 3FF
2-2: Foul Ball, location: 25FF
2-2: Ball
3-2: Strikes out swinging
Batting: RHB Bud Schulte 0-0: Ball
1-0: Ball
2-0: Ball
3-0: Called Strike
3-1: Fly out, F7 (Flyball, 7, EV 78.1 MPH)
Batting: LHB José Barrón 0-0: Ground out 1-3 (Groundball, 13S, EV 68.8 MPH)
Top of the 1st over - 0 runs, 0 hits, 0 errors, 0 left on base; Tacoma 0 - El Paso 0
BOTTOM OF THE 1ST
El Paso Chihuahuas batting - Pitching for Tacoma Rainiers : RHP António Santos
Pitching: RHP António Santos
Batting: LHB Greg Younger 0-0: Ball
1-0: Called Strike
1-1: Ball
2-1: Called Strike
2-2: Ball
3-2: Base on Balls
Batting: LHB Ángelo Martínez 0-0: Called Strike
0-1: Ball
1-1: Foul Ball, location: 5SF
1-2: Strikes out swinging
Batting: LHB Steve Morris 0-0: Grounds into double play, 6-4-3 (Groundball, 6, EV 106.3 MPH)
Bottom of the 1st over - 0 runs, 0 hits, 0 errors, 0 left on base; Tacoma 0 - El Paso 0
TOP OF THE 2ND
Tacoma Rainiers batting - Pitching for El Paso Chihuahuas : RHP Steve Brown
Batting: RHB Theron Scott 0-0: Ball
1-0: Swinging Strike
1-1: Foul Ball, location: 2F
1-2: Ball
2-2: Ball
3-2: Foul Ball, location: 2F
3-2: Foul Ball, location: 5F
3-2: Foul Ball, location: 3F
3-2: Ground out 6-3 (Groundball, 6, EV 83.8 MPH)
Batting: RHB Víctor Hernández 0-0: Ground out U3 (Groundball, 34, EV 99.4 MPH)
Batting: RHB José Rentería 0-0: Ball
1-0: Ball
2-0: Called Strike
2-1: Foul Ball, location: 2F
2-2: Fly out, F8 (Flyball, 8LM, EV 93.1 MPH)
Top of the 2nd over - 0 runs, 0 hits, 0 errors, 0 left on base; Tacoma 0 - El Paso 0
BOTTOM OF THE 2ND
El Paso Chihuahuas batting - Pitching for Tacoma Rainiers : RHP António Santos
Batting: LHB Ignacio Villa 0-0: Fly out, F7 (Line Drive, 78M, EV 96.9 MPH)
Batting: LHB Johann Sorely 0-0: Ball
1-0: Ball
2-0: SINGLE (Groundball, 4MD, EV 110.0 MPH)
Batting: RHB José Beltrán 0-0: Ball
1-0: Called Strike
1-1: Swinging Strike
1-2: Ball
2-2: Foul Ball, location: 2F
2-2: Foul Ball, location: 9LMF
2-2: Fly out, F8 (Flyball, 8LS, EV 86.9 MPH)
Batting: RHB Steve Jones 0-0: Fly out, F7 (Flyball, 78M, EV 88.8 MPH)
Bottom of the 2nd over - 0 runs, 1 hit, 0 errors, 1 left on base; Tacoma 0 - El Paso 0
TOP OF THE 3RD
Tacoma Rainiers batting - Pitching for El Paso Chihuahuas : RHP Steve Brown
Batting: RHB Raúl Zamora 0-0: Ball
1-0: Called Strike
1-1: Called Strike
1-2: Ball
2-2: Strikes out swinging
Batting: LHB Ken Greene 0-0: Ball
1-0: Ball
2-0: Ball
3-0: Base on Balls
Batting: RHB Jim Unknown 0-0: Foul Ball, location: 5FF
0-1: Ball
1-1: Fly out, F8 (Flyball, 8RD, EV 100.0 MPH)
Batting: RHB Albert Rodríguez 0-0: Fly out, F6 (Line Drive, 6D, EV 68.8 MPH)
Top of the 3rd over - 0 runs, 0 hits, 0 errors, 1 left on base; Tacoma 0 - El Paso 0
BOTTOM OF THE 3RD
El Paso Chihuahuas batting - Pitching for Tacoma Rainiers : RHP António Santos
Batting: RHB José Arellanos 0-0: Ball
1-0: Called Strike
1-1: Fly out, F5 (Popup, 5SF, EV 71.3 MPH)
Batting: LHB Greg Nikorak 0-0: Called Strike
0-1: Foul Ball, location: 2F
0-2: Ball
1-2: Foul Ball, location: 2F
1-2: Strikes out swinging
Batting: LHB Greg Younger 0-0: Called Strike
0-1: Foul Ball, location: 2RF
0-2: DOUBLE (Groundball, 3L, EV 108.8 MPH)
Batting: LHB Ángelo Martínez 0-0: Called Strike
0-1: Foul Ball, location: 5F
0-2: Strikes out swinging
Bottom of the 3rd over - 0 runs, 1 hit, 0 errors, 1 left on base; Tacoma 0 - El Paso 0
TOP OF THE 4TH
Tacoma Rainiers batting - Pitching for El Paso Chihuahuas : RHP Steve Brown
Batting: RHB Bud Schulte 0-0: Fly out, F8 (Flyball, 78M, EV 75.6 MPH)
Batting: LHB José Barrón 0-0: Fly out, F7 (Line Drive, 7S, EV 79.4 MPH)
Batting: RHB Theron Scott 0-0: Foul Ball, location: 25F
0-1: Swinging Strike
0-2: Ball
1-2: Fly out, F8 (Flyball, 8RD, EV 94.4 MPH)
Top of the 4th over - 0 runs, 0 hits, 0 errors, 0 left on base; Tacoma 0 - El Paso 0
BOTTOM OF THE 4TH
El Paso Chihuahuas batting - Pitching for Tacoma Rainiers : RHP António Santos
Batting: LHB Steve Morris 0-0: Fly out, F5 (Popup, 5SF, EV 78.8 MPH)
Batting: LHB Ignacio Villa 0-0: Ball
1-0: Ground out 4-3 (Groundball, 4, EV 104.4 MPH)
Batting: LHB Johann Sorely 0-0: Ball
1-0: Ball
2-0: Ground out 1-3 (Groundball, 13, EV 72.5 MPH)
Bottom of the 4th over - 0 runs, 0 hits, 0 errors, 0 left on base; Tacoma 0 - El Paso 0
TOP OF THE 5TH
Tacoma Rainiers batting - Pitching for El Paso Chihuahuas : RHP Steve Brown
Batting: RHB Víctor Hernández 0-0: Ball
1-0: Ball
2-0: Ball
3-0: Base on Balls
Batting: RHB José Rentería 0-0: Foul Ball, location: 25F
0-1: Fly out, F9 (Line Drive, 9S, EV 93.8 MPH)
Batting: RHB Raúl Zamora 0-0: Ball
1-0: Called Strike
1-1: Swinging Strike
1-2: Strikes out looking
Batting: LHB Ken Greene 0-0: Foul Ball, location: 23FF
0-1: Foul Ball, location: 5SF
0-2: Foul Ball, location: 25F
0-2: Foul Ball, location: 3F
0-2: Fielders Choice at 2nd, 5-4 (Groundball, 5, EV 102.5 MPH)
Top of the 5th over - 0 runs, 0 hits, 0 errors, 1 left on base; Tacoma 0 - El Paso 0
BOTTOM OF THE 5TH
El Paso Chihuahuas batting - Pitching for Tacoma Rainiers : RHP António Santos
Batting: RHB José Beltrán 0-0: Ball
1-0: Ball
2-0: Ball
3-0: Called Strike
3-1: Ground out 4-3 (Groundball, 4, EV 86.9 MPH)
Batting: RHB Steve Jones 0-0: Ball
1-0: Ball
2-0: SINGLE (Line Drive, 89M, EV 93.8 MPH)
Batting: RHB José Arellanos 0-0: Called Strike
0-1: Ball
1-1: Foul Ball, location: 2F
1-2: Ball
2-2: Ball
3-2: Base on Balls
Steve Jones to second
Batting: LHB Greg Nikorak 0-0: Fly out, F7 (Flyball, 7D, EV 96.9 MPH)
Batting: LHB Greg Younger 0-0: Foul Ball, location: 3DF
0-1: Ball
1-1: Foul Ball, location: 2F
1-2: Foul Ball, location: 2F
1-2: Foul Ball, location: 7LSF
1-2: Ball
2-2: Foul Ball, location: 2F
2-2: Ball
3-2: Foul Ball, location: 9LSFF
3-2: Fly out, F5 (Popup, 15, EV 88.1 MPH)
Bottom of the 5th over - 0 runs, 1 hit, 0 errors, 2 left on base; Tacoma 0 - El Paso 0
TOP OF THE 6TH
Tacoma Rainiers batting - Pitching for El Paso Chihuahuas : RHP Steve Brown
Batting: LHB Sang-kuk Park 0-0: Called Strike
0-1: Foul Ball, location: 2F
0-2: Ball
1-2: Strikes out swinging
Batting: RHB Albert Rodríguez 0-0: Ball
1-0: Swinging Strike
1-1: Ground out 1-3 (Groundball, 13S, EV 71.3 MPH)
Batting: RHB Bud Schulte 0-0: Ball
1-0: Called Strike
1-1: Ball
2-1: Swinging Strike
2-2: Ball
3-2: Base on Balls
Batting: LHB José Barrón 0-0: Ball
1-0: Ground out U3 (Groundball, 3L, EV 103.1 MPH)
Top of the 6th over - 0 runs, 0 hits, 0 errors, 1 left on base; Tacoma 0 - El Paso 0
BOTTOM OF THE 6TH
El Paso Chihuahuas batting - Pitching for Tacoma Rainiers : RHP António Santos
Batting: LHB Ángelo Martínez 0-0: Swinging Strike
0-1: Ball
1-1: Ball
2-1: Fly out, F7 (Line Drive, 7D, EV 100.6 MPH)
Batting: LHB Steve Morris 0-0: Ball
1-0: Called Strike
1-1: Called Strike
1-2: Strikes out swinging
Batting: LHB Ignacio Villa 0-0: Ground out 6-3 (Groundball, 6, EV 103.8 MPH)
Bottom of the 6th over - 0 runs, 0 hits, 0 errors, 0 left on base; Tacoma 0 - El Paso 0
TOP OF THE 7TH
Tacoma Rainiers batting - Pitching for El Paso Chihuahuas : RHP Steve Brown
Batting: RHB Theron Scott 0-0: Ball
1-0: Foul Ball, location: 2F
1-1: Ball
2-1: Ball
3-1: Ground out 5-3 (Groundball, 56, EV 83.1 MPH)
Batting: RHB Víctor Hernández 0-0: Ball
1-0: DOUBLE (Line Drive, 78D, EV 101.3 MPH)
Batting: RHB José Rentería 0-0: Intentional Walk
Pinch Hitting: LHB Dave Day 0-0: Ball
1-0: Ball
2-0: Called Strike
2-1: Foul Ball, location: 3FF
2-2: Ball
3-2: Base on Balls
Víctor Hernández to third
José Rentería to second
Pitching: LHP Buddy Coleman
Batting: LHB Ken Greene 0-0: Ball
1-0: Ball
2-0: Called Strike
2-1: Called Strike
2-2: Strikes out looking
Batting: RHB Rusty Smith 0-0: Ball
1-0: Ball
2-0: Ball
3-0: Base on Balls
Víctor Hernández scores
José Rentería to third
Dave Day to second
Batting: RHB Albert Rodríguez 0-0: Ball
1-0: Ball
2-0: Ball
3-0: Called Strike
3-1: Base on Balls
José Rentería scores
Dave Day to third
Rusty Smith to second
Batting: RHB Bud Schulte 0-0: Ball
1-0: Called Strike
1-1: Called Strike
1-2: Ball
2-2: SINGLE (Line Drive, 78M, EV 105.0 MPH)
Dave Day scores
Rusty Smith to third
Albert Rodríguez to second
Batting: LHB José Barrón 0-0: Ground out U3 (Groundball, 3, EV 80.6 MPH)
Top of the 7th over - 3 runs, 2 hits, 0 errors, 3 left on base; Tacoma 3 - El Paso 0
BOTTOM OF THE 7TH
El Paso Chihuahuas batting - Pitching for Tacoma Rainiers : RHP António Santos
Now in CF: Steve Rodríguez
Batting: LHB Johann Sorely 0-0: Called Strike
0-1: Hit by Pitch
Pinch Runner at 1st Shawn Jones:
Batting: RHB José Beltrán 0-0: Ball
1-0: Bunted foul
1-1: Bunted foul
1-2: Ground out 4-3 (Groundball, 34S, EV 87.5 MPH)
Shawn Jones to second
Batting: RHB Steve Jones 0-0: Fly out, F7 (Flyball, 78S, EV 98.8 MPH)
Batting: RHB José Arellanos 0-0: Ball
1-0: Ball
2-0: Called Strike
2-1: Ground out 6-3 (Groundball, 6, EV 105.0 MPH)
Bottom of the 7th over - 0 runs, 0 hits, 0 errors, 1 left on base; Tacoma 3 - El Paso 0
TOP OF THE 8TH
Tacoma Rainiers batting - Pitching for El Paso Chihuahuas : LHP Buddy Coleman
Now in RF: Shawn Jones
Batting: RHB Theron Scott 0-0: Ball
1-0: Ball
2-0: Called Strike
2-1: Ground out 6-3 (Groundball, 6M, EV 105.6 MPH)
Batting: RHB Víctor Hernández 0-0: SINGLE (Groundball, 6MD, EV 110.6 MPH)
Batting: RHB José Rentería 0-0: Foul Ball, location: 9LSF
0-1: Ball
1-1: Ball
2-1: Foul Ball, location: 9LSF
2-2: Foul Ball, location: 23FF
2-2: Strikes out swinging
Batting: RHB Steve Rodríguez 0-0: Ball
1-0: Called Strike
1-1: Ball
2-1: SINGLE (Line Drive, 8LS, EV 98.8 MPH)
Víctor Hernández to second
Batting: LHB Ken Greene 0-0: Called Strike
0-1: Called Strike
0-2: Ball
1-2: Foul Ball, location: 2F
1-2: Ball
2-2: Strikes out looking
Top of the 8th over - 0 runs, 2 hits, 0 errors, 2 left on base; Tacoma 3 - El Paso 0
BOTTOM OF THE 8TH
El Paso Chihuahuas batting - Pitching for Tacoma Rainiers : RHP António Santos
Batting: LHB Greg Nikorak 0-0: Ball
1-0: Ball
2-0: Foul Ball, location: 2F
2-1: Ball
3-1: Called Strike
3-2: Fly out, F6 (Popup, 6MS, EV 71.3 MPH)
Batting: LHB Greg Younger 0-0: Foul Ball, location: 5FF
0-1: Ball
1-1: Foul Ball, location: 9LMFF
1-2: Foul Ball, location: 2F
1-2: Ball
2-2: Fly out, F3 (Popup, 34, EV 80.6 MPH)
Batting: LHB Ángelo Martínez 0-0: Called Strike
0-1: Ball
1-1: Foul Ball, location: 2F
1-2: Ground out 5-3 (Groundball, 56, EV 93.1 MPH)
Bottom of the 8th over - 0 runs, 0 hits, 0 errors, 0 left on base; Tacoma 3 - El Paso 0
TOP OF THE 9TH
Tacoma Rainiers batting - Pitching for El Paso Chihuahuas : LHP Buddy Coleman
Batting: RHB Rusty Smith 0-0: Ball
1-0: Ball
2-0: Called Strike
2-1: Foul Ball, location: 5FF
2-2: Foul Ball, location: 2F
2-2: Strikes out swinging
Batting: RHB Albert Rodríguez 0-0: Ground out 4-3 (Groundball, 34, EV 87.5 MPH)
Batting: RHB Bud Schulte 0-0: Ball
1-0: Foul Ball, location: 25F
1-1: Foul Ball, location: 3F
1-2: Foul Ball, location: 2F
1-2: Foul Ball, location: 5F
1-2: Fly out, F8 (Flyball, 8LD, EV 88.1 MPH)
Top of the 9th over - 0 runs, 0 hits, 0 errors, 0 left on base; Tacoma 3 - El Paso 0
BOTTOM OF THE 9TH
El Paso Chihuahuas batting - Pitching for Tacoma Rainiers : RHP António Santos
Batting: LHB Steve Morris 0-0: Fly out, F7 (Line Drive, 78M, EV 91.3 MPH)
Batting: LHB Ignacio Villa 0-0: Called Strike
0-1: Foul Ball, location: 23FF
0-2: DOUBLE (Flyball, 8LXD, EV 93.1 MPH)
Pitching: RHP Jeff Jackson
Batting: LHB Shawn Jones 0-0: Fly out, F7 (Line Drive, 7LM, EV 100.6 MPH)
Batting: RHB José Beltrán 0-0: Ball
1-0: DOUBLE (Flyball, 8LD, EV 97.5 MPH)
Ignacio Villa scores
Batting: RHB Steve Jones 0-0: Ball
1-0: Ball
2-0: Swinging Strike
2-1: Called Strike
2-2: Ground out 6-3 (Groundball, 6M, EV 91.3 MPH)
Bottom of the 9th over - 1 run, 2 hits, 0 errors, 1 left on base; Tacoma 3 - El Paso 1
Monday, April 1st , 2024 - OOTP Baseball 24.10 Build 82